General information
- name: BNet
- type: Ladder team game (AT/RT)
- host: Battle.net
- saver: ShutTheF.uckUp
map: Cherryville
- players: 8
- length: 36:40
- speed: Fast
- version: 1.26 W3XP
- replay type: Public
» download(279 KB)
Players
team 1 (winner)
sr-marine84 (
pink | 86 APM | 2987 actions | 34:45)
4 Archmage
2 Summon Water Elemental
2 Brilliance Aura
5 Dark Ranger
3 Black Arrow
2 Silence
3 Naga Sea Witch
2 Frost Arrows
1 Forked Lightning
» actions
| Assign group hotkey | 73 | |
| Basic commands | 25 | |
| Build / train | 117 | |
| Enter build submenu | 40 | |
| Enter hero's abilities submenu | 12 | |
| Remove unit from queue | 1 | |
| Right click | 1072 | |
| Select / deselect | 641 | |
| Select group hotkey | 903 | |
| Use ability | 103 | |
2987 total
» units
| Peasant | 21 | |
| Footman | 7 | |
| Spell Breaker | 6 | |
| Knight | 10 | |
| Siege Engine | 5 | |
| Flying Machine | 1 | |
50 total
» upgrades
| Masonry | 3 | |
| Lumber Harvesting | 1 | |
| Plating | 3 | |
| Swords | 3 | |
| Animal War Training | 1 | |
| Magic Sentry | 1 | |
| Control Magic | 1 | |
| Gunpowder | 2 | |
| Barrage | 1 | |
16 total
» buildings
| Farm | 13 | |
| Altar of Kings | 1 | |
| Barracks | 2 | |
| Lumber Mill | 2 | |
| Scout Tower | 11 | |
| Arcane Tower | 1 | |
| Keep | 1 | |
| Blacksmith | 1 | |
| Guard Tower | 21 | |
| Town Hall | 3 | |
| Arcane Vault | 1 | |
| Arcane Sanctum | 2 | |
| Castle | 1 | |
| Workshop | 2 | |
62 total
» build order
00:21 Farm
00:36 Altar of Kings
00:51 Barracks
01:01 Farm
01:36 Lumber Mill
01:50 Farm
02:14 Farm
02:36 Farm
03:00 Scout Tower
03:30 Arcane Tower
05:54 Keep
06:01 Blacksmith
06:11 Scout Tower
07:13 Scout Tower
07:14 Scout Tower
07:15 Scout Tower
07:21 Scout Tower
07:22 Scout Tower
07:39 Guard Tower
07:39 Guard Tower
07:39 Guard Tower
07:43 Guard Tower
07:43 Guard Tower
07:43 Guard Tower
07:49 Guard Tower
07:49 Guard Tower
07:49 Guard Tower
07:53 Guard Tower
08:06 Town Hall
08:43 Town Hall
09:03 Guard Tower
09:29 Arcane Vault
09:47 Arcane Sanctum
10:05 Castle
10:09 Arcane Sanctum
11:23 Guard Tower
11:54 Guard Tower
13:38 Farm
13:39 Farm
13:43 Barracks
15:07 Farm
15:33 Farm
15:46 Farm
16:47 Farm
18:29 Farm
18:47 Guard Tower
19:12 Farm
20:41 Workshop
21:33 Workshop
29:06 Town Hall
30:07 Scout Tower
30:08 Scout Tower
30:11 Scout Tower
30:12 Scout Tower
31:57 Lumber Mill
» items
| Ivory Tower | 4 | |
| Scroll of Regeneration | 4 | |
| Scroll of Town Portal | 1 | |
| Potion of Healing | 2 | |
11 total
Prentendingtotk (
purple | 56 APM | 1600 actions | 28:33)
5 Blood Mage
3 Flame Strike
2 Banish
3 Mountain King
2 Storm Bolt
1 Bash
» actions
| Basic commands | 74 | |
| Build / train | 104 | |
| ESC pressed | 1 | |
| Enter build submenu | 29 | |
| Enter hero's abilities submenu | 8 | |
| Give item / drop item | 3 | |
| Remove unit from queue | 11 | |
| Right click | 856 | |
| Select / deselect | 415 | |
| Use ability | 99 | |
1600 total
» units
| Peasant | 21 | |
| Dragonhawk Rider | 7 | |
| Goblin Shredder | 2 | |
| Gryphon Rider | 8 | |
| Siege Engine | 8 | |
| Mortar Team | 5 | |
51 total
» upgrades
| Masonry | 3 | |
| Swords | 3 | |
| Lumber Harvesting | 1 | |
| Cloud | 1 | |
| Storm Hammers | 1 | |
| Animal War Training | 1 | |
| Armor | 2 | |
| Plating | 3 | |
| Gunpowder | 3 | |
| Barrage | 1 | |
| Fragmentation Shards | 1 | |
20 total
» buildings
| Altar of Kings | 1 | |
| Farm | 14 | |
| Lumber Mill | 1 | |
| Keep | 1 | |
| Town Hall | 1 | |
| Scout Tower | 7 | |
| Arcane Vault | 1 | |
| Blacksmith | 2 | |
| Guard Tower | 3 | |
| Arcane Tower | 1 | |
| Gryphon Aviary | 3 | |
| Castle | 2 | |
| Barracks | 2 | |
| Workshop | 3 | |
42 total
» build order
00:22 Altar of Kings
00:36 Farm
00:54 Lumber Mill
01:16 Farm
01:49 Farm
02:58 Farm
04:41 Keep
05:01 Town Hall
05:03 Scout Tower
05:03 Scout Tower
05:04 Scout Tower
05:04 Scout Tower
05:10 Arcane Vault
05:14 Blacksmith
05:27 Farm
05:38 Guard Tower
06:14 Farm
06:21 Scout Tower
06:23 Scout Tower
06:23 Scout Tower
06:56 Guard Tower
06:57 Arcane Tower
07:14 Gryphon Aviary
07:16 Gryphon Aviary
07:17 Gryphon Aviary
07:40 Castle
08:00 Guard Tower
09:18 Blacksmith
09:26 Farm
09:27 Farm
09:28 Farm
09:28 Farm
09:40 Farm
09:41 Farm
10:05 Barracks
10:10 Barracks
10:53 Farm
16:20 Workshop
16:22 Workshop
16:43 Workshop
16:48 Farm
» items
| Potion of Healing | 1 | |
| Healing Salve | 1 | |
| Scroll of Regeneration | 1 | |
| Scroll of Town Portal | 1 | |
4 total
UrloNegro (
red | 65 APM | 2366 actions | 36:39)
6 Blademaster
3 Wind Walk
2 Critical Strike
1 Bladestorm
» actions
| Assign group hotkey | 37 | |
| Basic commands | 30 | |
| Build / train | 91 | |
| Enter build submenu | 43 | |
| Enter hero's abilities submenu | 6 | |
| Give item / drop item | 2 | |
| Right click | 1280 | |
| Select / deselect | 424 | |
| Select group hotkey | 281 | |
| Use ability | 172 | |
2366 total
» units
| Peon | 8 | |
| Grunt | 4 | |
| Goblin Shredder | 1 | |
| Goblin Sapper | 9 | |
| Wind Rider | 19 | |
| Troll Batrider | 14 | |
55 total
» upgrades
| Ranged Weapons | 3 | |
| Armor | 3 | |
| Reinforced Defenses | 1 | |
| Troll Regeneration | 1 | |
| Liquid Fire | 1 | |
9 total
» buildings
| Orc Burrow | 6 | |
| Altar of Storms | 1 | |
| Barracks | 2 | |
| Voodoo Lounge | 2 | |
| Stronghold | 1 | |
| War Mill | 2 | |
| Great Hall | 3 | |
| Watch Tower | 22 | |
| Beastiary | 4 | |
| Fortress | 1 | |
44 total
» build order
00:14 Orc Burrow
01:02 Altar of Storms
01:03 Barracks
01:12 Barracks
01:14 Orc Burrow
02:03 Voodoo Lounge
02:51 Stronghold
03:58 War Mill
04:14 Orc Burrow
04:55 Great Hall
05:44 Watch Tower
05:44 Watch Tower
07:03 Orc Burrow
07:36 Great Hall
07:41 Watch Tower
07:42 Watch Tower
07:42 Watch Tower
07:43 Watch Tower
07:44 Watch Tower
07:45 Watch Tower
07:59 Beastiary
08:10 Beastiary
10:52 Fortress
11:41 War Mill
15:06 Watch Tower
15:07 Watch Tower
15:09 Watch Tower
15:11 Watch Tower
15:13 Watch Tower
15:19 Watch Tower
18:41 Beastiary
18:45 Beastiary
28:41 Great Hall
28:44 Watch Tower
28:45 Watch Tower
28:45 Watch Tower
28:45 Watch Tower
28:47 Watch Tower
28:48 Watch Tower
28:48 Watch Tower
28:49 Watch Tower
29:54 Voodoo Lounge
30:11 Orc Burrow
30:14 Orc Burrow
» items
| Healing Salve | 7 | |
| Mechanical Critter | 2 | |
| Lesser Clarity Potion | 1 | |
| Orb of Lightning | 1 | |
| Periapt of Vitality | 1 | |
| Scroll of Town Portal | 5 | |
| Potion of Healing | 1 | |
18 total
ffggn (
blue | 117 APM | 3997 actions | 34:16)
6 Far Seer
3 Feral Spirit
2 Chain Lighting
1 Earth Quake
5 Dark Ranger
3 Black Arrow
2 Life Drain
5 Naga Sea Witch
3 Frost Arrows
2 Forked Lightning
1 Mountain King
1 Bash
» actions
| Assign group hotkey | 226 | |
| Basic commands | 300 | |
| Build / train | 88 | |
| ESC pressed | 6 | |
| Enter build submenu | 28 | |
| Enter hero's abilities submenu | 18 | |
| Give item / drop item | 8 | |
| Remove unit from queue | 6 | |
| Right click | 1006 | |
| Select / deselect | 671 | |
| Select group hotkey | 1406 | |
| Use ability | 234 | |
3997 total
» units
| Peon | 8 | |
| Shaman | 11 | |
| Troll Witch Doctor | 13 | |
32 total
» upgrades
| Shaman Training | 2 | |
| Witch Doctor Training | 2 | |
| Reinforced Defenses | 1 | |
5 total
» buildings
| Altar of Storms | 1 | |
| Orc Burrow | 7 | |
| Voodoo Lounge | 1 | |
| War Mill | 1 | |
| Stronghold | 2 | |
| Watch Tower | 9 | |
| Fortress | 1 | |
| Spirit Lodge | 3 | |
| Great Hall | 1 | |
26 total
» build order
00:10 Altar of Storms
00:21 Orc Burrow
00:23 Orc Burrow
01:05 Voodoo Lounge
01:31 War Mill
02:20 Stronghold
02:20 Stronghold
02:44 Orc Burrow
03:07 Watch Tower
04:24 Watch Tower
05:06 Fortress
05:16 Spirit Lodge
05:17 Spirit Lodge
05:44 Spirit Lodge
06:08 Orc Burrow
09:22 Orc Burrow
09:23 Orc Burrow
12:04 Orc Burrow
13:05 Watch Tower
13:07 Watch Tower
13:37 Watch Tower
13:37 Watch Tower
17:50 Watch Tower
17:56 Watch Tower
19:04 Watch Tower
30:03 Great Hall
» items
| Healing Salve | 1 | |
| Lesser Clarity Potion | 3 | |
| Scroll of Speed | 3 | |
| Scroll of Town Portal | 4 | |
| Orb of Lightning | 5 | |
| Potion of Healing | 2 | |
18 total
team 2 (loser)

»
GAYPHUCK (
yellow | 41 APM | 1384 actions | 33:34)
8 Blademaster
3 Wind Walk
3 Critical Strike
1 Bladestorm
1 Mirror Image
» actions
| Assign group hotkey | 8 | |
| Basic commands | 14 | |
| Build / train | 71 | |
| Enter build submenu | 12 | |
| Enter hero's abilities submenu | 8 | |
| Give item / drop item | 8 | |
| Remove unit from queue | 1 | |
| Right click | 866 | |
| Select / deselect | 276 | |
| Select group hotkey | 33 | |
| Use ability | 87 | |
1384 total
» units
| Peon | 8 | |
| Grunt | 3 | |
| Wind Rider | 5 | |
| Shaman | 3 | |
| Troll Witch Doctor | 3 | |
| Spirit Walker | 1 | |
| Troll Batrider | 6 | |
29 total
» upgrades
| Berserker Strength | 1 | |
| Ranged Weapons | 2 | |
| Shaman Training | 2 | |
| Envenomed Spears | 1 | |
| Witch Doctor Training | 2 | |
| Spirit Walker Training | 1 | |
9 total
» buildings
| Altar of Storms | 1 | |
| Orc Burrow | 6 | |
| Barracks | 1 | |
| Voodoo Lounge | 1 | |
| Stronghold | 1 | |
| War Mill | 1 | |
| Fortress | 1 | |
| Spirit Lodge | 2 | |
| Beastiary | 2 | |
16 total
» build order
00:07 Altar of Storms
00:13 Orc Burrow
00:37 Barracks
01:23 Orc Burrow
01:56 Voodoo Lounge
02:51 Orc Burrow
04:41 Stronghold
04:47 War Mill
07:37 Fortress
07:40 Spirit Lodge
07:41 Spirit Lodge
07:47 Beastiary
07:48 Beastiary
07:51 Orc Burrow
14:59 Orc Burrow
15:05 Orc Burrow
» items
| Healing Salve | 5 | |
| Circlet of Nobility | 1 | |
| Lesser Clarity Potion | 4 | |
| Potion of Lesser Invulnerability | 2 | |
| Dust of Appearance | 1 | |
| Potion of Healing | 2 | |
| Orb of Lightning | 1 | |
| Scroll of Town Portal | 3 | |
| Staff of Teleportation | 1 | |
| Potion of Mana | 1 | |
21 total

»
minba17 (
teal | 28 APM | 950 actions | 33:30)
6 Keeper of the Grove
2 Entangling Roots
3 Thorns Aura
1 Tranquility
» actions
| Assign group hotkey | 36 | |
| Build / train | 80 | |
| Enter build submenu | 14 | |
| Enter hero's abilities submenu | 6 | |
| Give item / drop item | 1 | |
| Remove unit from queue | 3 | |
| Right click | 400 | |
| Select / deselect | 233 | |
| Select group hotkey | 140 | |
| Use ability | 37 | |
950 total
» units
| Wisp | 22 | |
| Archer | 3 | |
| Huntress | 4 | |
| Hippogryph | 15 | |
| Dryad | 10 | |
| Chimaera | 2 | |
56 total
» upgrades
| Strength of the Moon | 1 | |
| Strength of the Wild | 3 | |
| Reinforced Hides | 3 | |
| Abolish Magic | 1 | |
| Corrosive Breath | 1 | |
9 total
» buildings
| Altar of Elders | 1 | |
| Moon Well | 7 | |
| Ancient of War | 1 | |
| Hunter's Hall | 1 | |
| Tree of Ages | 1 | |
| Ancient of Wonders | 1 | |
| Tree of Eternity | 1 | |
| Ancient of Wind | 1 | |
| Ancient of Lore | 1 | |
| Chimaera Roost | 1 | |
16 total
» build order
00:26 Altar of Elders
00:40 Moon Well
01:23 Ancient of War
01:41 Moon Well
02:42 Hunter's Hall
02:51 Moon Well
05:55 Tree of Ages
06:55 Ancient of Wonders
07:11 Moon Well
08:14 Moon Well
09:16 Moon Well
09:19 Tree of Eternity
09:24 Ancient of Wind
09:32 Ancient of Lore
10:14 Moon Well
11:49 Chimaera Roost
» items
ShutTheF.uckUp (
orange | 90 APM | 3283 actions | 36:39)
9 Blood Mage
3 Flame Strike
3 Siphon Mana
1 Summon Phoenix
2 Banish
» actions
| Assign group hotkey | 43 | |
| Basic commands | 130 | |
| Build / train | 217 | |
| ESC pressed | 22 | |
| Enter build submenu | 101 | |
| Enter hero's abilities submenu | 9 | |
| Give item / drop item | 5 | |
| Right click | 1017 | |
| Select / deselect | 500 | |
| Select group hotkey | 897 | |
| Use ability | 342 | |
3283 total
» units
| Peasant | 33 | |
| Footman | 4 | |
| Goblin Shredder | 3 | |
| Siege Engine | 6 | |
| Gryphon Rider | 9 | |
| Mortar Team | 4 | |
| Goblin Sapper | 6 | |
65 total
» upgrades
| Lumber Harvesting | 2 | |
| Masonry | 3 | |
| Plating | 3 | |
| Gunpowder | 3 | |
| Barrage | 1 | |
| Storm Hammers | 1 | |
| Swords | 1 | |
| Armor | 2 | |
| Fragmentation Shards | 1 | |
| Flare | 1 | |
| Magic Sentry | 1 | |
19 total
» buildings
| Altar of Kings | 1 | |
| Barracks | 1 | |
| Farm | 16 | |
| Arcane Vault | 2 | |
| Scout Tower | 86 | |
| Lumber Mill | 3 | |
| Town Hall | 5 | |
| Keep | 7 | |
| Guard Tower | 61 | |
| Blacksmith | 1 | |
| Workshop | 3 | |
| Castle | 6 | |
| Gryphon Aviary | 2 | |
| Arcane Sanctum | 1 | |
195 total
» build order
00:56 Altar of Kings
00:58 Barracks
01:01 Farm
01:04 Farm
01:40 Arcane Vault
01:57 Farm
02:35 Scout Tower
02:38 Lumber Mill
02:42 Lumber Mill
03:33 Farm
04:18 Town Hall
04:19 Keep
04:41 Guard Tower
05:24 Scout Tower
05:25 Scout Tower
05:26 Scout Tower
05:26 Scout Tower
05:28 Scout Tower
05:44 Blacksmith
06:48 Town Hall
06:51 Scout Tower
06:52 Scout Tower
06:53 Scout Tower
06:54 Scout Tower
06:55 Scout Tower
06:56 Scout Tower
07:11 Scout Tower
07:12 Scout Tower
07:46 Guard Tower
07:54 Guard Tower
07:55 Guard Tower
08:38 Guard Tower
08:50 Guard Tower
08:50 Guard Tower
09:13 Guard Tower
09:50 Workshop
09:59 Scout Tower
10:01 Scout Tower
10:05 Scout Tower
10:06 Scout Tower
10:07 Scout Tower
10:07 Scout Tower
10:55 Guard Tower
10:55 Guard Tower
10:55 Guard Tower
10:59 Castle
10:59 Castle
11:19 Guard Tower
11:27 Guard Tower
11:27 Guard Tower
11:28 Guard Tower
11:35 Guard Tower
11:51 Guard Tower
11:51 Guard Tower
13:13 Workshop
13:15 Workshop
13:19 Scout Tower
13:20 Scout Tower
13:22 Scout Tower
13:24 Scout Tower
13:28 Farm
13:32 Guard Tower
13:32 Guard Tower
13:59 Guard Tower
16:15 Town Hall
16:18 Scout Tower
16:19 Scout Tower
16:20 Scout Tower
16:20 Scout Tower
16:22 Scout Tower
16:23 Scout Tower
16:54 Guard Tower
17:18 Scout Tower
17:19 Scout Tower
17:20 Scout Tower
17:21 Scout Tower
17:25 Scout Tower
17:27 Guard Tower
17:28 Guard Tower
17:28 Scout Tower
17:31 Scout Tower
17:33 Scout Tower
17:34 Scout Tower
17:35 Scout Tower
17:37 Scout Tower
17:37 Scout Tower
17:39 Scout Tower
17:41 Scout Tower
17:42 Scout Tower
17:43 Scout Tower
17:44 Scout Tower
17:45 Scout Tower
17:52 Guard Tower
18:10 Guard Tower
18:10 Guard Tower
18:26 Guard Tower
18:31 Guard Tower
21:02 Town Hall
21:03 Scout Tower
21:04 Scout Tower
21:05 Scout Tower
21:05 Scout Tower
21:57 Gryphon Aviary
22:00 Gryphon Aviary
23:40 Farm
23:42 Farm
23:42 Farm
23:43 Farm
23:44 Farm
23:46 Farm
24:04 Scout Tower
24:05 Scout Tower
24:06 Scout Tower
24:07 Scout Tower
24:08 Scout Tower
24:09 Scout Tower
24:37 Scout Tower
24:38 Scout Tower
24:38 Scout Tower
24:40 Scout Tower
24:41 Scout Tower
24:42 Scout Tower
24:43 Scout Tower
24:45 Town Hall
24:48 Scout Tower
24:48 Scout Tower
24:49 Scout Tower
25:06 Guard Tower
25:28 Guard Tower
25:29 Guard Tower
25:29 Guard Tower
25:29 Guard Tower
25:29 Guard Tower
25:36 Scout Tower
25:37 Scout Tower
25:38 Scout Tower
25:39 Scout Tower
25:40 Scout Tower
25:41 Scout Tower
25:41 Scout Tower
25:42 Scout Tower
26:09 Guard Tower
26:09 Guard Tower
26:38 Guard Tower
26:38 Guard Tower
26:50 Guard Tower
27:22 Scout Tower
27:23 Scout Tower
27:24 Scout Tower
27:24 Scout Tower
27:26 Scout Tower
27:28 Scout Tower
27:29 Scout Tower
27:30 Scout Tower
27:33 Scout Tower
27:36 Scout Tower
27:56 Guard Tower
28:14 Guard Tower
28:24 Guard Tower
28:35 Guard Tower
28:36 Guard Tower
28:36 Keep
28:36 Keep
28:36 Keep
28:42 Arcane Sanctum
32:24 Farm
32:26 Farm
32:27 Farm
32:27 Farm
32:28 Farm
34:16 Castle
34:17 Castle
34:45 Lumber Mill
36:00 Arcane Vault
» items
| Scroll of Regeneration | 7 | |
| Periapt of Vitality | 1 | |
| Potion of Invisibility | 4 | |
| Boots of Speed | 1 | |
| Staff of Teleportation | 1 | |
| Lesser Clarity Potion | 5 | |
| Ivory Tower | 2 | |
| Potion of Mana | 1 | |
| Potion of Lesser Invulnerability | 1 | |
| Scroll of Town Portal | 1 | |
| Potion of Healing | 2 | |
26 total

»
i8pssy (
green | 33 APM | 1171 actions | 35:19)
7 Death Knight
3 Death Coil
3 Unholy Aura
1 Animate Dead
» actions
| Assign group hotkey | 24 | |
| Basic commands | 6 | |
| Build / train | 78 | |
| Enter build submenu | 22 | |
| Enter hero's abilities submenu | 7 | |
| Right click | 319 | |
| Select / deselect | 211 | |
| Select group hotkey | 434 | |
| Use ability | 70 | |
1171 total
» units
| Acolyte | 14 | |
| Ghoul | 11 | |
| Goblin Shredder | 1 | |
| Crypt Fiend | 7 | |
| Gargoyle | 7 | |
40 total
» upgrades
| Creature Attack | 3 | |
| Creature Carapace | 3 | |
| Web | 1 | |
7 total
» buildings
| Ziggurat | 13 | |
| Crypt | 4 | |
| Altar of Darkness | 1 | |
| Halls of the Dead | 1 | |
| Graveyard | 1 | |
| Tomb of Relics | 1 | |
| Spirit Tower | 5 | |
| Sacrificial Pit | 1 | |
| Black Citadel | 1 | |
28 total
» build order
00:09 Ziggurat
00:15 Crypt
00:19 Crypt
00:35 Altar of Darkness
00:55 Ziggurat
01:32 Ziggurat
06:13 Halls of the Dead
06:25 Graveyard
06:33 Ziggurat
06:37 Ziggurat
06:51 Tomb of Relics
07:16 Crypt
07:36 Crypt
10:58 Ziggurat
11:01 Ziggurat
11:04 Ziggurat
11:08 Ziggurat
11:28 Ziggurat
11:32 Ziggurat
11:35 Ziggurat
11:39 Ziggurat
12:00 Spirit Tower
12:09 Sacrificial Pit
12:21 Spirit Tower
12:27 Spirit Tower
12:30 Spirit Tower
12:39 Spirit Tower
13:19 Black Citadel
» items
| Scroll of Town Portal | 8 | |
| Scroll of Healing | 1 | |
| Potion of Healing | 4 | |
| Potion of Mana | 1 | |
| Scroll of Regeneration | 1 | |
| Dust of Appearance | 1 | |
16 total
Chat log
(01:16 / All) ShutTheF.uckUp: Hey purple
(01:18 / All) ShutTheF.uckUp: You fucking suck
(01:26 / All) ShutTheF.uckUp: 1-1
(01:28 / All) ShutTheF.uckUp: piece of trash
(01:30 / All) ShutTheF.uckUp: Come get some
(01:42 / All) Prentendingtotk: clearly someone has lost to me
(01:50 / All) ShutTheF.uckUp: You are a shit stain
(01:54 / All) ShutTheF.uckUp: I can tell you suck ass from your garbage name
(01:59 / All) Prentendingtotk: how bad did you lose?
(02:02 / All) Prentendingtotk: dont remmeber you
(02:09 / All) ShutTheF.uckUp: I've never lost to you and never will lose to you
(02:21 / All) ShutTheF.uckUp: I don't lose to trashcans
(02:23 / All) Prentendingtotk: sure thing
(02:28 / All) ShutTheF.uckUp: I prefer to take the garbage out
(03:31 / All) Prentendingtotk: how long did it take 1 as intelgent as urself come up with the insult trashcan
(03:39 / All) ShutTheF.uckUp: intelgent
(03:43 / All) ShutTheF.uckUp: intelgent
(03:44 / All) ShutTheF.uckUp: intelgent
(03:45 / All) ShutTheF.uckUp: intelgent
(03:47 / All) ShutTheF.uckUp: intelgent
(03:59 / All) Prentendingtotk: a while i guess
(04:02 / All) ShutTheF.uckUp: Real INTELGENT of you to say that
(04:08 / All) Prentendingtotk: k
(04:25 / All) ShutTheF.uckUp: Are you normally such an INTELGENT player
(06:56 / Allies) i8pssy: units
(07:38 / Allies) ShutTheF.uckUp: wood
(07:49 / Allies) ShutTheF.uckUp: ty
(08:29 / All) ShutTheF.uckUp: faggot copying my strategy
(09:01 / All) ShutTheF.uckUp: piece of shit newbie
(09:06 / All) ShutTheF.uckUp: told you that you were trash
(09:07 / All) ShutTheF.uckUp: had a pot and tp too
(09:27 / All) ShutTheF.uckUp: 3 fucking rings of protection
(10:14 / Allies) ShutTheF.uckUp: hawks
(10:34 / Allies) i8pssy: yellow help
(10:38 / Allies) i8pssy: ffs
(12:55 / Allies) i8pssy: so you have no fucking untis
(12:57 / Allies) ShutTheF.uckUp: ty
(13:00 / Allies) i8pssy: but 2 expos
(13:10 / Allies) ShutTheF.uckUp: I'll get units soon stop whining
(13:53 / Allies) GAYPHUCK: b
(14:10 / All) ShutTheF.uckUp: This is how you use bloodmage
(14:19 / All) ShutTheF.uckUp: Not whatever the fuck you are doing with a blood mage
(14:37 / All) UrloNegro: wow
(14:52 / All) UrloNegro: the whole team tp for a harass
(15:10 / Allies) minba17: tp?
(15:13 / Allies) ShutTheF.uckUp: yeah
(15:13 / Allies) i8pssy: no
(15:49 / Allies) i8pssy: tp
(15:58 / Allies) ShutTheF.uckUp: ty
(16:23 / All) UrloNegro: faggot chim bot
(16:27 / All) UrloNegro: no expo and 100 100 food retadr
(16:45 / All) UrloNegro: you have no way to rebuild that you moron
(17:46 / Allies) minba17: tp
(17:49 / Allies) i8pssy: k
(17:51 / Allies) i8pssy: go
(18:06 / All) UrloNegro: autoweb faggot lol
(18:29 / All) UrloNegro: can't even harass a base without the whole team tping
(18:32 / All) UrloNegro: fucking ridiculous
(19:34 / Allies) ShutTheF.uckUp: My base
(22:51 / All) ShutTheF.uckUp: jesus
(22:54 / All) ShutTheF.uckUp: can't get that expo at all
(22:58 / All) ShutTheF.uckUp: I hate tanks such a clumsy unit
(24:29 / All) UrloNegro: pssy probably mhs too lawl
(26:05 / All) UrloNegro: tped to same base twice
(26:18 / All) ShutTheF.uckUp: Shitstain on my battle.net
(26:21 / All) ShutTheF.uckUp: now getting out of my battle.net
(26:28 / Allies) i8pssy: wow orange you have 5000 gold and are a useless fuck
(26:35 / Allies) ShutTheF.uckUp: Yeah and you suck cock get the fuck out
(26:47 / Allies) ShutTheF.uckUp: done more than you all game with more gold and more everything else
(26:51 / Allies) i8pssy: you cant possible think you have any skill do you
(26:52 / Allies) ShutTheF.uckUp: your base can die
(27:28 / Allies) i8pssy: fuck you suck
(27:42 / Allies) ShutTheF.uckUp: I have a base
(27:54 / Allies) i8pssy: only cause we saved you 3 times you usless fuck
(28:00 / Allies) ShutTheF.uckUp: could have been more times
(28:16 / Allies) i8pssy: you know yo umade us lose right fuckhead
(28:21 / Allies) ShutTheF.uckUp: lol
(28:29 / Allies) ShutTheF.uckUp: I appear to be the one 1v4ing, pal
(28:33 / Allies) i8pssy: cause we all died defending while you and you r father were ass raping each other idiot
(29:13 / Allies) i8pssy: wanna take a vote.. ballots were cast everyone here thinks your a useless nigger
(29:18 / Allies) ShutTheF.uckUp: lol
(29:20 / Allies) ShutTheF.uckUp: Speak for yourself
(29:33 / Allies) i8pssy: yellow you have any gold left
(30:02 / Allies) i8pssy: yellow what do you think, he a fucking noob for letting the rest of us die defending you while he sat on 5000 gold like a littl
(30:11 / Allies) ShutTheF.uckUp: I didn't need any of you to win
(30:18 / Allies) ShutTheF.uckUp: since you all suck ass
(30:36 / Allies) i8pssy: are you retarded. you sound it so if you are i will feel bad for calling you an autistic nigger
(33:12 / All) ffggn: gg
(33:16 / All) ffggn: i am getting tked
(33:23 / All) ShutTheF.uckUp: gg
(33:34 / All) ffggn: lucky
(33:41 / All) ShutTheF.uckUp: last minute tk on my hero from green LOL
(34:50 / All) ShutTheF.uckUp: LAWL
(34:53 / All) ShutTheF.uckUp: just green left
(34:55 / All) ShutTheF.uckUp: Now he can get the loss
(35:02 / All) UrloNegro: lawl
(35:07 / All) UrloNegro: PSSY LOSES AGAIN!
(35:10 / All) ShutTheF.uckUp: I want to get a few gryphons first to speed it up though
(35:21 / All) ShutTheF.uckUp: LOL
(35:25 / All) ShutTheF.uckUp: He sure made it easy
(35:28 / All) ShutTheF.uckUp: He gets the loss IMO
(35:29 / All) UrloNegro: lol
(35:32 / All) UrloNegro: whisper him
(35:33 / All) UrloNegro: yeah
(35:45 / All) ShutTheF.uckUp: That user is not logged on.
(35:46 / All) ShutTheF.uckUp: lol
(35:48 / All) ShutTheF.uckUp: !
(35:53 / All) UrloNegro: LOL!
(35:54 / All) ShutTheF.uckUp: He quit WC3 from this match
(35:58 / All) UrloNegro: did he say anything
(36:01 / All) ShutTheF.uckUp: No
(36:04 / All) ShutTheF.uckUp: He was silent and left
(36:06 / All) UrloNegro: Dude they kept TPing to yhellow
(36:08 / All) ShutTheF.uckUp: he tked my bm at the last minute with fiends
(36:11 / All) ShutTheF.uckUp: then lost them somewhere
(36:12 / All) UrloNegro: from just me or me and pink harassing
(36:16 / All) ShutTheF.uckUp: and now he raged out of WC3
(36:18 / All) UrloNegro: I'd kill a burrow and 3 of them would tp
(36:21 / All) ShutTheF.uckUp: lol
(36:27 / All) ShutTheF.uckUp: Noobies make noobie moves
(36:27 / All) UrloNegro: It was ridiculous
(36:32 / All) ShutTheF.uckUp: This was a decent game